Map: Pillars of Gold LE

Players

ByuN - Winner!

  • Race: Terran Terran
  • Spawn Location: 1:00

ShoWTimE

  • Race: Protoss Protoss
  • Spawn Location: 7:00

Event: IEM Katowice 2021

VOD

Have the link to the VOD?

Description

Time

  • Played on: Feb. 22, 2021, 10:51 a.m.
  • Length: 13:14

All games in this series

Show
View Real Time Build Order
Export as new Build Order

ByuN Terran - Winner!

Build Orders: Cyclone Opening 

Get SALT Encoding   

  12  0:00  SCV  
  13  0:12  SCV  
  14  0:18  Supply Depot  
  14  0:24  SCV  
  15  0:40  SCV, Barracks  
  16  0:47  Refinery  
  16  0:53  SCV  
  17  0:58  Refinery  
  17  1:05  SCV  
  18  1:17  SCV  
  19  1:27  Reaper  
  19  1:29  Orbital Command  
  20  1:45  Factory  
  20  1:55  SCV, Supply Depot  
  21  2:07  SCV  
  22  2:27  SCV  
  23  2:30  Factory Tech Lab  
  23  2:34  Command Center  
  23  2:39  SCV  
  23  2:46  Supply Depot  
  23  2:49  Cyclone  
  26  2:52  SCV  
  26  2:55  Barracks Reactor  
  27  2:59  Starport  
  27  3:04  SCV  
  28  3:16  SCV  
  29  3:21  Siege Tank  
  32  3:28  SCV  
  32  3:32  Marine x2  
  35  3:40  SCV, Starport Tech Lab  
  36  3:53  Command Center  
  36  3:56  SCV  
  36  3:59  Raven  
  36  4:01  Marine  
  40  4:08  Orbital Command  
  40  4:11  SCV  
  40  4:16  Marine  
  42  4:19  Marine  
  42  4:23  SCV  
  44  4:38  SCV  
  44  4:39  SCV, Marine x2  
  44  4:40  Siege Tank  
  51  4:45  Barracks  
  51  4:48  Starport Reactor  
  51  4:50  SCV  
  51  4:51  SCV  
  51  4:52  Barracks  
  54  5:06  SCV x2, Orbital Command  
  55  5:07  Marine x2  
  55  5:12  Siege Tank  
  60  5:17  Refinery  
  60  5:18  SCV x2  
  60  5:19  Refinery  
  62  5:25  Supply Depot  
  62  5:28  Supply Depot, Marine  
  62  5:30  SCV x2  
  62  5:33  SCV  
  62  5:35  Stimpack  
  66  5:42  SCV x2, Marine  
  69  5:46  Marine  
  69  5:47  SCV  
  71  5:51  Supply Depot  
  71  5:53  Factory Reactor  
  71  5:54  Marauder, SCV  
  71  5:55  Marauder, SCV  
  77  5:59  SCV, Engineering Bay  
  77  6:04  Engineering Bay  
  78  6:06  Medivac  
  78  6:10  Medivac  
  82  6:14  Marine  
  82  6:15  Marauder  
  82  6:16  Marauder, Marine  
  82  6:18  Combat Shield  
  88  6:26  SCV  
  88  6:27  SCV, Supply Depot  
  88  6:29  Supply Depot  
  88  6:32  Orbital Command  
  90  6:37  Marauder, Marine  
  93  6:45  Terran Infantry Armor Level 1, Terran Infantry Weapons Level 1  
  93  6:49  Marauder, Marine  
  96  6:56  Medivac  
  96  6:57  Widow Mine x2  
  104  7:03  SCV x3  
  104  7:04  Barracks  
  104  7:05  Barracks  
  104  7:08  Supply Depot  
  105  7:10  Supply Depot  
  105  7:11  Marine x2  
  105  7:14  Concussive Shells  
  105  7:15  SCV x3  
  91  7:26  Marauder x2  
  91  7:27  SCV x2  
  91  7:29  Widow Mine, Marine x2, Orbital Command  
  90  7:32  Widow Mine  
  90  7:33  Medivac  
  90  7:35  Medivac  
  93  7:39  SCV x2  
  95  7:51  SCV  
  95  7:52  SCV, Marine x2, Marauder x2  
  95  7:54  Barracks Reactor, Barracks Tech Lab  
  103  8:00  Orbital Command  
  103  8:05  Armory  
  103  8:10  Marine x2  
  105  8:13  Widow Mine  
  105  8:14  Marauder x2  
  105  8:15  Widow Mine  
  105  8:17  Marauder  
  115  8:25  Supply Depot  
  115  8:26  SCV x3, Supply Depot  
  118  8:31  Marine x2  
  118  8:32  Marine  
  121  8:38  SCV x2  
  123  8:41  SCV  
  123  8:47  Ghost Academy  
  124  8:49  Supply Depot  
  124  8:50  SCV  
  124  8:51  SCV  
  124  8:56  Marine x2  
  124  8:57  Marine x2  
  124  8:58  Marauder x3  
  124  9:01  Terran Infantry Armor Level 2  
  134  9:06  Terran Infantry Weapons Level 2  
  134  9:08  Refinery  
  134  9:14  Widow Mine x2  
  134  9:15  Medivac x2  
  142  9:19  Marine x4  
  133  9:33  Ghost x2  
  133  9:34  Marine  
  133  9:35  SCV  
  133  9:37  Marine x3, Refinery  
  133  9:38  Widow Mine x2  
  138  9:41  SCV, Missile Turret  
  138  9:44  Missile Turret  
  137  9:46  SCV  
  137  9:47  SCV  
  137  9:48  Sensor Tower  
  137  9:52  Viking x2  
  143  9:58  Supply Depot  
  143  9:59  Marine  
  143  10:00  Marine  
  143  10:02  Marine x2  
  144  10:15  Marauder x2  
  144  10:20  Marauder, Marine  
  144  10:21  Command Center, Marine  
  152  10:22  Supply Depot  
  152  10:24  Enhanced Shockwaves  
  152  10:35  Marine  
  126  10:36  Marauder x2  
  126  10:41  Marauder  
  121  10:44  Medivac  
  121  10:45  Medivac  
  121  10:49  SCV x2  
  125  10:50  SCV  
  125  10:57  Ghost x2  
  100  11:01  SCV x2  
  100  11:02  SCV, Ghost  
  100  11:03  Marine x2  
  95  11:09  Marine x2  
  95  11:13  SCV  
  95  11:14  SCV x2  
  95  11:17  Medivac x2  
  102  11:21  Marine  
  102  11:23  Widow Mine x2  
  107  11:25  SCV  
  107  11:26  SCV x2  
  107  11:30  Ghost  
  112  11:34  Marine x3  
  112  11:38  SCV x3  
  118  11:45  Marauder x2  
  122  11:48  Marine  
  122  11:51  SCV  
  122  11:52  Marine x2  
  122  11:53  SCV  
  127  11:55  SCV  
  127  11:59  Marauder  
  130  12:03  SCV  
  130  12:05  SCV  
  130  12:07  SCV  
  133  12:12  Marauder x2  
  133  12:13  Marine x3  
  133  12:14  Marine  
  138  12:21  Marauder  
  140  12:24  SCV x2  
  129  12:35  Marauder x2, Marine x2  
  129  12:36  Marine  
  128  12:42  Marauder  
Show
View Real Time Build Order
Export as new Build Order

ShoWTimE Protoss 

Build Orders: 1 Gate Expand, Zealot Archon 

Get SALT Encoding   

  12  0:00  Probe  
  13  0:12  Probe  
  14  0:18  Pylon  
  14  0:24  Probe (Chrono Boost)  
  15  0:36  Probe (Chrono Boost)  
  15  0:39  Gateway  
  16  0:45  Probe (Chrono Boost)  
  16  0:48  Assimilator  
  17  0:50  Probe  
  18  1:03  Probe  
  19  1:15  Probe  
  20  1:26  Cybernetics Core  
  20  1:36  Nexus  
  20  1:42  Zealot (Chrono Boost)  
  22  1:49  Pylon  
  22  1:52  Probe  
  23  1:57  Assimilator  
  23  2:06  Stalker (Chrono Boost)  
  23  2:12  Warp Gate  
  25  2:21  Shield Battery  
  23  2:26  Probe  
  24  2:33  Stalker (Chrono Boost)  
  26  2:40  Probe  
  26  2:49  Probe (Chrono Boost)  
  27  2:57  Probe (Chrono Boost)  
  28  3:00  Probe (Chrono Boost)  
  28  3:04  Stalker (Chrono Boost)  
  32  3:06  Probe x2 (Chrono Boost)  
  33  3:16  Probe  
  33  3:18  Probe  
  35  3:25  Gateway  
  35  3:28  Probe  
  35  3:32  Probe  
  37  3:36  Pylon  
  37  3:40  Probe  
  38  3:44  Probe  
  39  3:49  Robotics Facility  
  39  3:54  Probe (Chrono Boost)  
  40  3:57  Probe (Chrono Boost)  
  40  4:01  Stalker  
  43  4:09  Probe (Chrono Boost)  
  45  4:10  Probe (Chrono Boost)  
  45  4:14  Probe (Chrono Boost)  
  47  4:18  Probe (Chrono Boost)  
  47  4:21  Pylon  
  47  4:23  Probe (Chrono Boost)  
  47  4:34  Probe x2 (Chrono Boost)  
  47  4:37  Observer  
  47  4:39  Probe (Chrono Boost)  
  47  4:41  Probe, Forge  
  47  4:42  Twilight Council  
  47  4:43  Sentry  
  51  4:46  Assimilator  
  51  4:48  Assimilator  
  51  4:50  Sentry, Probe  
  54  4:53  Probe  
  54  4:57  Pylon  
  54  4:58  Observer  
  56  5:02  Probe  
  56  5:04  Protoss Ground Armor Level 1 (Chrono Boost), Gateway  
  57  5:08  Gateway  
  57  5:15  Charge (Chrono Boost)  
  57  5:27  Gateway  
  57  5:28  Gateway  
  57  5:37  Pylon  
  57  5:38  Templar Archives  
  57  5:48  Gateway  
  57  5:49  Gateway  
  57  5:50  Warp Prism  
  59  6:03  Zealot x3  
  59  6:04  Zealot  
  67  6:08  Pylon  
  67  6:21  Nexus  
  67  6:25  High Templar x2  
  71  6:29  Archon  
  71  6:30  High Templar x2  
  75  6:35  Probe  
  75  6:36  Archon  
  75  6:37  Pylon, Zealot  
  78  6:43  Pylon  
  78  6:57  High Templar x2  
  78  6:58  Zealot x2  
  86  7:02  Archon, Zealot x2  
  86  7:03  Zealot x2  
  94  7:11  Pylon  
  94  7:15  Probe  
  94  7:18  Observer  
  94  7:20  Zealot  
  94  7:21  Zealot  
  77  7:23  Zealot x2  
  77  7:26  Protoss Ground Armor Level 2 (Chrono Boost)  
  77  7:29  Zealot x2  
  81  7:30  Probe  
  81  7:35  Psionic Storm  
  82  7:37  Probe x2  
  82  7:44  Probe (Chrono Boost)  
  84  7:49  High Templar  
  87  7:51  Probe (Chrono Boost)  
  87  7:54  Probe (Chrono Boost)  
  89  8:01  Probe x2 (Chrono Boost)  
  89  8:04  Probe (Chrono Boost)  
  91  8:06  High Templar  
  91  8:07  Probe x2  
  91  8:09  Assimilator  
  95  8:13  Assimilator  
  95  8:14  Probe  
  95  8:17  High Templar  
  98  8:22  Pylon  
  98  8:25  High Templar  
  100  8:27  Zealot x4  
  100  8:31  Observer  
  108  8:39  Probe  
  106  8:41  Zealot  
  106  8:42  Zealot  
  106  8:45  Pylon  
  106  8:47  Zealot x3  
  115  8:49  Zealot  
  116  8:58  Photon Cannon  
  116  9:02  Observer (Chrono Boost)  
  115  9:10  Photon Cannon  
  115  9:12  High Templar x2  
  115  9:13  Zealot x2  
  115  9:16  Archon  
  123  9:18  Zealot  
  123  9:20  Zealot  
  112  9:33  Zealot x2  
  112  9:38  High Templar x2  
  120  9:44  High Templar  
  122  9:47  Probe x3  
  122  9:50  Archon  
  125  9:53  Protoss Ground Weapons Level 1 (Chrono Boost), High Templar x2  
  125  9:54  Zealot x2  
  125  9:57  Pylon  
  133  10:01  Archon  
  133  10:12  Pylon  
  133  10:14  Pylon  
  133  10:15  Probe  
  133  10:19  Zealot x3  
  113  10:36  Archon  
  113  10:37  Zealot x5  
  113  10:40  Warp Prism  
  118  10:48  Zealot x3  
  122  10:53  Probe  
  87  11:04  Probe  
  87  11:06  Probe  
  87  11:08  High Templar x5  
  95  11:15  High Templar  
  97  11:25  Nexus  
  97  11:31  High Templar x2  
  101  11:35  Probe x3, Gateway  
  101  11:37  Archon  
  104  11:42  Observer (Chrono Boost)  
  105  11:47  Probe x3  
  105  11:51  Zealot x4  
  116  11:55  Warp Prism (Chrono Boost)  
  116  11:59  Probe x2  
  120  12:08  Zealot  
  120  12:09  Zealot x2  
  120  12:13  Zealot  
  128  12:21  High Templar x4  
  136  12:25  Archon  
  136  12:26  Probe  
  121  12:30  Archon  
  121  12:36  Archon  
  99  12:37  Zealot x2  
  99  12:38  Zealot x2  

Tags
 
Add a new tag
Caveats
  • Supply blocks, unpowered buildings, or Contaminate may cause inaccurate times.
  • Supply counts are checked every 10 seconds.